cohdb
Replays
Latest Replays
All Replays
Popular Replays
Top Player Replays
Match Explorer
How It Works
Community
CoH3 Stats
Reddit
Sign in to upload your games and track your stats! →
Sign in with Steam
Match 36657862
Unlisted
Match 36657862
Overview
Messages
Build Orders
End
Scout Squad
Selects Airborne Battlegroup
Selects Pathfinders
Construct Weapon Support Center
M1919 Machine Gun Team
M1919 Machine Gun Team
Mechanized Support Center
Construct Medical Station
Selects Paratrooper Squad Paradrop
Paratrooper Squad Paradrop
Engineer Squad
Paratrooper Squad Paradrop
Mortar Pit
Construct Tank Depot
Selects Recon Loiter
Selects Supply Drop
Supply Drop
Bazooka Squad
M4A1 Sherman Medium Tank
Designate Forward Repair Station
Bazooka Squad
Selects Carpet Bombing Run
Improved M9 Bazooka Rockets
M4A1 76mm Conversion
M4A1(76) Sherman Medium Tank
Carpet Bombing Run
M4A1(76) Sherman Medium Tank
Supply Drop
M18 Hellcat Tank Destroyer
ProxyFox
MonoChrome
DragonNeko
余寶
0
0
Comments
sign in to comment!
No comments posted yet!